Cogmind - Beta 10.2 *** ADVENTURER MODE // 2020.11.13 @ 16:26:16 // Halloween2020/ForbiddenLore Player: STB Result: Self-destructed Performance ------------- Evolutions (1) 500 Regions Visited (2) 400 Robots Destroyed (24) 120 Value Destroyed (571) 571 Prototype IDs (0) 0 Alien Tech Used (0) 0 Bonus (0) 0 TOTAL SCORE: 1591 Bonus ------- None Cogmind --------- Core Integrity 400/400 Matter 272/300 Energy 310/310 System Corruption 0% Temperature Cool (9) Movement Treading (160) Location -9/Materials Parts ------- > --- POWER (2) -------- Ion Engine Light Nuclear Core > --- PROPULSION (3) --- Light Treads Light Treads Light Treads > --- UTILITY (2) ------ Improved Heat Sink Large Storage Unit > --- WEAPON (2) ------- Shotgun Light Cannon > --- INVENTORY (10) --- Medium Armor Plating Small Laser Shotgun Datajack Mace Mace Peak State ------------ > --- POWER ------------ Ion Engine Light Nuclear Core > --- PROPULSION ------- Light Treads Light Treads Light Treads > --- UTILITY ---------- Improved Heat Sink Large Storage Unit > --- WEAPON ----------- Shotgun Light Cannon > --- INVENTORY -------- Medium Armor Plating Small Laser Shotgun Datajack Mace Mace [Rating: 15] Favorites ----------- Power Ion Engine Engine Ion Engine Power Core Light Nuclear Core Propulsion Light Treads Treads Light Treads Utility Large Storage Unit Device Improved Heat Sink Storage Large Storage Unit Weapon Small Laser Energy Gun Small Laser Ballistic Gun Assault Rifle Ballistic Cannon Light Cannon Special Melee Weapon Datajack Build | -11 -10 -9 ------- Run | Scr Mat Mat Slots Evolved 2 | . . 2 Power 1 | . . 1 Propulsion 1 | . . 1 Utility . | . . . Weapon . | . . . Parts Attached 34 | 6 24 4 Power 4 | 1 1 2 Engine 3 | 1 1 1 Core 1 | . . 1 Reactor . | . . . Propulsion 8 | 2 5 1 Treads 8 | 2 5 1 Leg . | . . . Wheel . | . . . Hover . | . . . Flight . | . . . Utility 4 | 1 3 . Device 2 | . 2 . Storage 2 | 1 1 . Processor . | . . . Hackware . | . . . Protection . | . . . Artifact . | . . . Weapon 18 | 2 15 1 Energy Gun 11 | 1 10 . Energy Cannon . | . . . Ballistic Gun 2 | 1 . 1 Ballistic Cannon 1 | . 1 . Launcher . | . . . Special Weapon . | . . . Impact Weapon . | . . . Slashing Weapon . | . . . Piercing Weapon . | . . . Special Melee Weapon 4 | . 4 . Unidentified Prototypes . | . . . Parts Lost 2 | . 2 . Power . | . . . Propulsion . | . . . Utility . | . . . Weapon 2 | . 2 . Highest Loss Streak 1 | . 1 . Average Slot Usage (%) 96 | . 96 100 Engine 13 | . 14 11 Core 1 | . . 11 Treads 28 | . 27 33 Device 11 | . 11 11 Storage 13 | . 14 11 Energy Gun 17 | . 20 3 Ballistic Gun 4 | . 4 7 Ballistic Cannon 4 | . 2 11 Naked Turns . | . . . Heaviest Build 33 | 13 26 33 Greatest Support 60 | 40 40 60 Greatest Overweight (x) 3 | 2 3 . Average Overweight (x) . | . . . Largest Inventory Capacity 10 | 6 10 10 Average Capacity 9 | 5 9 10 Most Carried 7 | 2 7 7 Average Carried 2 | . 2 4 Final Capacity 10 | 6 10 10 Final Carried 6 | . 5 6 Class Distribution -------------------- 77% | Mutant 22% | Scavenger-Mutant Dominant Class ---------------- Mutant | -10/Materials Mutant | -9/Materials Resources | -11 -10 -9 ----------- Run | Scr Mat Mat Matter Collected 622 | 203 345 74 Remotely . | . . . Salvage Created 778 | . 704 74 Parts 65 | . 59 6 Haulers Intercepted . | . . . Recyclers Shooed 1 | . 1 . Parts Field Recycled . | . . . Retrieved Matter . | . . . Parts Self-Destructed . | . . . Prevented . | . . . Kills | -11 -10 -9 ------- Run | Scr Mat Mat Combat Hostiles Destroyed 15 | . 13 2 Guns 14 | . 12 2 AOE 1 | . 1 . Classes Destroyed 5 | . 5 . Worker 1 | . 1 . Builder 5 | . 5 . Watcher 3 | . 3 . Swarmer 3 | . 3 . Grunt 12 | . 10 2 Best Kill Streak 5 | . 5 2 Combat Bots Only 3 | . 3 2 Max Kills in Single Turn 2 | . 2 1 Gunslinging . | . . . Exploded 1 | . 1 . Melee . | . . . Uniques/NPCs Destroyed . | . . . Combat | -11 -10 -9 -------- Run | Scr Mat Mat Damage Taken 697 | . 573 124 Core 124 | . 124 . Absorbed by Shields . | . . . Core Remaining (%) 75 | 100 50 . Volleys Fired 57 | . 50 7 Largest 2 | . 2 2 Hottest 80 | . 80 58 Shots Fired 100 | . 86 14 Gun 92 | . 85 7 Cannon 8 | . 1 7 Launcher . | . . . Special . | . . . Kinetic 41 | . 27 14 Thermal 7 | . 7 . Explosive . | . . . Electromagnetic 52 | . 52 . Robot Hit Streak 24 | . 24 13 Robot Miss Streak 2 | . 2 1 Penetration Max . | . . . Secondary Targets 1 | . 1 . Max Gunslinging Chain 1 | . 1 . Shots Hit Robots 78 | . 68 10 Core Hits 38 | . 32 6 Critical Hits . | . . . Critical Kills . | . . . Critical Parts Destroyed . | . . . Melee Attacks 1 | . 1 . Impact . | . . . Slashing . | . . . Piercing . | . . . Sneak Attacks . | . . . Combat Hostiles . | . . . Follow-up Attacks . | . . . Damage Inflicted 1178 | . 1014 164 Guns 945 | . 826 119 Cannons 36 | . 18 18 Explosions 159 | . 159 . Melee . | . . . Ramming 38 | . 11 27 Kinetic 370 | . 233 137 Thermal 214 | . 214 . Explosive . | . . . Electromagnetic 556 | . 556 . Impact . | . . . Slashing . | . . . Piercing . | . . . Highest Corruption . | . . . Average Corruption . | . . . Corruption Purged . | . . . Overload Shots . | . . . Overflow Damage . | . . . Projectiles . | . . . Explosions . | . . . Melee . | . . . Knockbacks 2 | . 1 1 Impact 1 | . . 1 Kinetic 1 | . 1 . Secondary . | . . . Self-Inflicted Damage 7 | . 7 . Shots 1 | . 1 . Rammed 5 | . 1 4 Targets Rammed 6 | . 2 4 Kicked . | . . . Crushed 1 | . 1 . Highest Temperature 6 | . 6 . Average Temperature 4 | . 4 . Received Heat Transfer 396 | . 309 87 Siege Activations . | . . . Robots Corrupted . | . . . Combat Hostiles . | . . . Parts Fried 1 | . 1 . Impact Corruptions . | . . . Robots Melted . | . . . Combat Hostiles . | . . . Parts Melted . | . . . Heat Transferred 425 | . 425 . Parts Sabotaged . | . . . Parts Stolen . | . . . Parts Stripped . | . . . Power Chain Reactions 2 | . 2 . Missiles Intercepted . | . . . Alert | -11 -10 -9 ------- Run | Scr Mat Mat Peak Influence 224 | . 224 65 Initial . | . . . Average 56 | . 68 8 Maximum Alert Level 1 | . 1 . Low Security (%) 99 | 100 99 100 Level 1 . | . . . Level 2 . | . . . Level 3 . | . . . Level 4 . | . . . Level 5 . | . . . High Security . | . . . Max Security . | . . . Squads Dispatched 3 | . 3 . Investigation 3 | . 3 . Extermination . | . . . Reinforcement . | . . . Assault . | . . . Garrison . | . . . Intercept . | . . . Construction Impeded . | . . . Haulers Reinforced . | . . . Stealth | -11 -10 -9 --------- Run | Scr Mat Mat Distress Signals 1 | . . 1 Communications Jammed . | . . . Distress Signals . | . . . Times Spotted 26 | . 21 5 Peak Tracking Total 4 | . 3 4 Tactical Retreats 1 | . 1 . Traps | -11 -10 -9 ------- Run | Scr Mat Mat Traps Triggered 4 | . 4 . Indirectly . | . . . Trap Hack Attempts . | . . . Triggered . | . . . Disarmed . | . . . Reprogrammed . | . . . Reused . | . . . Traps Extracted . | . . . Installed . | . . . Triggered . | . . . Machines | -11 -10 -9 ---------- Run | Scr Mat Mat Machines Disabled 2 | . 2 . Max in Single Turn 1 | . 1 . Machines Sabotaged . | . . . Garrisons Compromised . | . . . Overloaded Fab Kills . | . . . Fab Network Shutdowns . | . . . Hacking | -11 -10 -9 --------- Run | Scr Mat Mat Machines Accessed 2 | . 2 . Terminals 1 | . 1 . Fabricators . | . . . Repair Stations 1 | . 1 . Recycling Units . | . . . Scanalyzers . | . . . Garrison Access . | . . . Total Hacks 7 | . 7 . Successful 4 | . 4 . Failed 3 | . 3 . Catastrophic . | . . . Database Lockouts . | . . . Manual . | . . . Terminals 3 | . 3 . Fabricators . | . . . Repair Stations 4 | . 4 . Recycling Units . | . . . Scanalyzers . | . . . Garrison Access . | . . . Terminal Hacks . | . . . Fabricator Hacks . | . . . Repair Station Hacks 4 | . 4 . Scan Component 2 | . 2 . Repair 2 | . 2 . Recycling Unit Hacks . | . . . Scanalyzer . | . . . Garrison Access Hacks . | . . . Unauthorized Hacks . | . . . Terminals . | . . . Fabricators . | . . . Repair Stations . | . . . Recycling Units . | . . . Scanalyzers . | . . . Garrison Access . | . . . Data Cores Recovered . | . . . Used . | . . . Hacking Detections 2 | . 2 . Full Trace Events 2 | . 2 . Feedback Events . | . . . Feedback Blocked . | . . . Robot Schematics Acquired . | . . . Robots Built . | . . . Matter . | . . . Time . | . . . Total Robot Build Rating . | . . . Part Schematics Acquired . | . . . Parts Built . | . . . Matter . | . . . Time . | . . . Total Part Build Rating . | . . . Parts Repaired 2 | . 2 . Time 52 | . 52 . Parts Recycled . | . . . Recycled Matter . | . . . Retrieved Matter . | . . . Retrieved Components . | . . . Parts Scanalyzed . | . . . Part Schematics Acquired . | . . . Parts Damaged . | . . . Bothacking | -11 -10 -9 ------------ Run | Scr Mat Mat Used RIF Installer . | . . . Robots Hacked 1 | . 1 . Non-combat . | . . . Combat 1 | . 1 . Robot Hacks Applied 1 | . 1 . parse_system 1 | . 1 . Relay Couplers Released . | . . . Robots Rewired . | . . . Allies Hacked . | . . . Hacks Repelled . | . . . Allies | -11 -10 -9 -------- Run | Scr Mat Mat Total Allies . | . . . Largest Group . | . . . Highest-Rated Group . | . . . Highest-Rated Ally . | . . . Total Orders . | . . . Ally Attacks . | . . . Total Damage . | . . . Kills . | . . . Allies Corrupted . | . . . Allies Melted . | . . . Intel | -11 -10 -9 ------- Run | Scr Mat Mat Robot Analysis Total . | . . . Derelict Logs Recovered . | . . . Drone Launches . | . . . Drone Recoveries . | . . . Exploration | -11 -10 -9 ------------- Run | Scr Mat Mat Turns Passed 2008 | 56 1609 343 Spaces Moved 1095 | 32 874 189 Core 15 | 11 4 . Treads 1080 | 21 870 189 Legs . | . . . Wheels . | . . . Hover . | . . . Flight . | . . . Fastest Speed 50 | 50 160 160 Average Speed 160 | 142 161 160 Slowest Speed 200 | 160 200 160 Overloaded Moves . | . . . Propulsion Burnouts . | . . . Robots Hopped . | . . . Cave-ins Triggered . | . . . Exploration Rate (%) 41 | 4 100 20 Regions Visited 2 Branch Regions . Pre-discovered Areas . | . . . Known Exits Taken . | . . . Unknown Exits Taken 2 | 1 1 . Scrap Searched . | . . . Spaces Dug . | . . . Terrain Destroyed 6 | . 6 . Melee . | . . . Projectile . | . . . AOE 6 | . 6 . Terrain Rammed . | . . . Walls Destroyed . | . . . Machines Disabled . | . . . Actions | -11 -10 -9 --------- Run | Scr Mat Mat Total 1241 | 43 985 213 Wait . | . . . Move 1093 | 31 873 189 Hop . | . . . Pick Up 36 | 6 24 6 Fast Attach . | . . . Attach 16 | 6 8 2 Detach . | . . . Swap 18 | . 16 2 Drop 14 | . 11 3 Fire 57 | . 50 7 Melee 1 | . 1 . Ram . | . . . Kick . | . . . Crush 6 | . 2 4 Escape Stasis . | . . . Rewire . | . . . Trap . | . . . Miscellaneous . | . . . Route ------- -11/Scrapyard -10/Materials (discovered 5 exits: [*Mat x3] / [*Min x2]) -9/Materials History --------- Turn | Location | Event 16 | -11/Scrapyard | Discovered new exit (range 16) 57 | -11/Scrapyard | Entered Materials 222 | -10/Materials | Discovered new exit (range 7) 305 | -10/Materials | Build established: Mutant 413 | -10/Materials | Discovered new exit (range 9) 845 | -10/Materials | Discovered new exit (range 3) 891 | -10/Materials | Discovered new exit (range 11) 983 | -10/Materials | Repaired Lgt. Treads 995 | -10/Materials | Discovered new exit (range 15) 1014 | -10/Materials | Repaired Lgt. Treads 1322 | -10/Materials | Build established: Scavenger-Mutant 1666 | -10/Materials | Build established: Mutant 1666 | -10/Materials | Entered another Materials area 1666 | -9/Materials | Evolved 2 slots: Power x1, Propulsion x1 2009 | -9/Materials | Self-destructed Last Messages --------------- Slammed into K-01 Serf. K-01 Serf collects debris. K-01 Serf cleans the Atomic Centrifuge. K-01 Serf collects debris. Slammed into U-05 Engineer. T-07 Excavator is excavating. U-05 Engineer lays Concrete. T-07 Excavator is excavating. Slammed into K-01 Serf. K-01 Serf knocked back. K-01 Serf cleans the Processing Tank. G-34 Mercenary destroyed. K-01 Serf collects debris. G-47 Trooper destroyed. W-16 Scout distress signal alerts nearby ally. K-01 Serf collects debris. Acquired 40 matter. K-01 Serf collects debris. Acquired 34 matter. K-01 Serf collects debris. Map ----- +----------------------------------------------------+ | ?????????????????????????????????????????????????? | | ?????????????????????????????????????????????????? | | ?????????????????????????????????????????????????? | | ?????????????????????????????????????????????????? | | ?????????????????????????????????????????????????? | | ?????????????????????????????????????????????????? | | ?????????????????????????????????????????????????? | | ????+????????????????????????????????????????????? | | ???? ????????????????????????????????????????????? | | ???? ????????????????????????????????????????????? | | ???# #???????????????????????????????????????????? | | ???# #???????????????????????????????????????????? | | ???# #???????????????????????????????????????????? | | ???# #???????????????????????????????????????????? | | ???# #???????????????????????????????????????????? | | ???# #?#####?????????????????????????????????????? | | ???# ### #########################?????????????? | | ???# T === + #????????? | | ???# ### ####### k = Y#### """????????????? | | ???# #?## ##?????# ! #????????????????????? | | ???# #?# #?????# #????????????????????? | | ???# #?# ##?????# " #????????????????????? | | ???# #?####??????# "" #????????????????????? | | ???# #???????????# "" ##????????????????????? | | ???# #???????????# """ #?????????????????????? | | ???# #???????????# "" @ #?????????????????????? | | #### #???????????# """ #?????????????????????? | | #???????????# """ #?????????????????????? | | #???????????# """ #?????????????????????? | | """ #???????????# " #?????????????????????? | | """ #???????????# #?????????????????????? | | """ #???????????# #?????????????????????? | | #???????????# #?????????????????????? | | #??######???? #?????????????????????? | | """ #??# #?????u #?????????????????????? | | """ #??# #????? #?????????????????????? | | """ #??# #????? #?????????????????????? | | #### |* #????? #?????????????????????? | | + |* #????? ??????????????????????? | | ##### # | #???????######??????????????????????? | | #???# # #???????????????????????????????????? | | +###### # #???????????????????????????????????? | | # # #???????????????????????????????????? | | " """ # ######???????????????????????????????????? | | " """ # #????????????????????????????????????????? | | " """ # #????????????????????????????????????????? | | # #????????????????????????????????????????? | | # #????????????????????????????????????????? | | #+#####????????????????????????????????????? | | # #????????????????????????????????????? | +----------------------------------------------------+ Best States ------------- Heat Dissipation 42 Energy Generation 19 Energy Capacity 310 Matter Stores 300 Matter Capacity 300 Sight Range 16 Terrain Scan Density 10 Resistance: KI 20 Resistance: TH 20 Resistance: EX 20 Resistance: EM 20 Resistance: I 20 Resistance: S 20 Resistance: P 20 Evasion (%) 40 Recoil Reduction 3 Offensive Hacking 10 Item Schematics ----------------- None Robot Schematics ------------------ None Fabricated ------------ Nothing Alien Tech Used ----------------- None Achievements -------------- None Challenges ------------ None Game ------ Seed BombGhostWand Manual? 0 Play Time 00:14:01 Cumulative 10.1 hours Start 2020.11.13 @ 16:14:22 End 2020.11.13 @ 16:26:16 Sessions 1 Manual Loads 0 Difficulty Adventurer Special Mode Halloween2020/ForbiddenLore Game No. 39 Rogue 1 Adventurer 38 Explorer 0 Win Type - Total 0 Types 0/0/0/0/0/0/0/0/0 Lore% 7 Gallery% 16 Achievement% 12 Wizard Run 0 Options --------- ASCII 0 Keyboard 0 Movement Mouse Keybinds 0 Fullscreen 1 Font 18/SmallcapsGlow Map View 76x50 Tactical HUD 0 Map Filters NONE Filters NONE Steam 1 RUN: 0e94c88c-405a-4248-854c-ed8ad06cbde8